 Dungeon Crawl Stone Soup version 0.30.1 (webtiles) character file.

Game seed: 15682673740786585837

606 boopmooplesden the Twirler (level 7, -2/41 HPs)
             Began as a Gargoyle Gladiator on July 11, 2023.
             Slain by a killer bee (5 damage)
             ... on level 4 of the Dungeon.
             The game lasted 00:05:12 (3435 turns).

boopmooplesden the Twirler (Gargoyle Gladiator)     Turns: 3435, Time: 00:05:13

Health: -2/41      AC: 19    Str: 20    XL:     7   Next: 42%
Magic:  7/7        EV:  6    Int:  8    God:
Gold:   323        SH:  0    Dex: 11    Spells: 6/6 levels left

rFire   . . .        a - +1 quarterstaff
rCold   . . .        (shield currently unavailable)
rNeg    + . .        t - +0 plate armour
rPois   ∞            c - +1 helmet
rElec   +            o - +0 cloak
rCorr   .            (no gloves)
SInv    .            (no boots)
Will    .....        (no amulet) Stlth
                     (no ring)
HPRegen 0.26/turn    (no ring)
MPRegen 0.10/turn

%: no passive effects
@: no status effects
A: sickness immunity, AC +4, negative energy resistance 1, electricity
resistance, torment resistance 1, petrification resistance
a: no special abilities


You were on level 4 of the Dungeon.
You visited 1 branch of the dungeon, and saw 4 of its levels.

You collected 323 gold pieces.

Inventory:

Hand Weapons
 a - a +1 quarterstaff (weapon)
 g - a +4 spectral club
Missiles
 e - a javelin (quivered)
Armour
 b - a +0 leather armour
 c - a +1 helmet (worn)
 h - a +1 helmet
 o - a +0 cloak (worn)
 r - a +0 chain mail
 t - a +0 plate armour (worn)
Wands
 f - a wand of mindburst (10)
 j - a wand of charming (6)
Scrolls
 n - a scroll of fear
 q - 2 scrolls of teleportation
Potions
 i - a potion of magic
 k - 2 potions of might
 l - 2 potions of degeneration {unknown}
 p - a potion of flight {unknown}


   Skills:
 + Level 3.6 Fighting
 + Level 6.9 Staves
 + Level 1.7 Throwing
 + Level 2.6 Armour
 + Level 3.1 Dodging
 + Level 0.5 Stealth


You had 6 spell levels left.
You didn't know any spells.
Your spell library contained the following spells:

 Spells                   Type           Power      Damage    Failure   Level
 Animate Dead             Necr           0%         N/A       100%        4
 Summon Forest            Summ/Tloc      0%         N/A       100%        5
 Eringya's Noxious Bog    Tmut/Pois      0%         N/A       100%        6
 Haunt                    Necr/Summ      0%         N/A       100%        7
 Summon Hydra             Summ           0%         N/A       100%        7
 Infestation              Necr           0%         N/A       100%        8


Dungeon Overview and Level Annotations

Branches:
Dungeon (4/15)             Temple (0/1) D:4

Altars:
Uskayaw

Shops:
D:2 (![


Innate Abilities, Weirdness & Mutations

You are immune to sickness and miasma.
Your stone body is resilient. (AC +4)
You are immune to poison.
You resist negative energy. (rN+)
You are resistant to electric shocks. (rElec)
You are resistant to unholy torment.
You are immune to petrification.


Message History

The net rips apart, and the killer bee comes free!
The killer bee stings you but does no damage.
You closely miss the killer bee. The killer bee barely misses you.
The killer bee stings you.
You hit the killer bee but do no damage.
The killer bee stings you but does no damage.
The killer bee stings you.
You miss the killer bee. The killer bee stings you.
The killer bee barely misses you.
You hit the killer bee.
The killer bee is lightly wounded.
The killer bee stings you.
* * * LOW HITPOINT WARNING * * *
The killer bee stings you.
* * * LOW HITPOINT WARNING * * *
You closely miss the killer bee.
The killer bee is lightly wounded.
The killer bee stings you but does no damage.
You hit the killer bee.
The killer bee is moderately wounded.
The killer bee stings you but does no damage. x2
Throw: throwing net
Press: ? - help, Q - select action, (/) - cycle Shift-Dir - straight line, f/p - killer bee
Aim: a killer bee (moderately wounded, 23% to hit)
You throw a throwing net.
The throwing net closely misses the killer bee.
The throwing net hits the hobgoblin.
The hobgoblin is caught in the net!
The killer bee stings you but does no damage.
The hobgoblin struggles against the net.
The killer bee barely misses you.
You miss the killer bee.
The killer bee is moderately wounded.
The killer bee stings you.
* * * LOW HITPOINT WARNING * * *
The hobgoblin struggles against the net.
The killer bee barely misses you.
Okay, then.
It was a potion of magic.
Magic courses through your body. The killer bee stings you.
You die...

#########
.>......#
#######.#
#.###############
****
#...g....y@..)..#
,,,*
###############.#
**,* #.# *,* #.#
*,* #.# **,* #.#
**,* #.# **,* #.#
,,,******* #.#


You could see a killer bee and a hobgoblin (caught).

Vanquished Creatures
  A water moccasin (D:3)
  The ghost of Mischief the Ducker, an amateur MfGl of the Shining One (D:3)
  A phantom (D:3)
  2 water moccasin skeletons (D:3)
  2 killer bees (D:4)
  An orc wizard (D:4)
  A killer bee zombie (D:3)
  Robin (D:2)
  An adder (D:3)
  A dart slug (D:2)
  4 orcs
  2 ball pythons
  13 endoplasms
  A giant cockroach (D:1)
  10 goblins
  10 hobgoblins
  12 jackals
  3 kobolds
  5 quokkas
  4 bats
  7 frilled lizards
  5 rats
88 creatures vanquished.

Notes
Turn   | Place    | Note
-------+----------+-------------------------------------------
     0 | D:1      | boopmooplesden the Gargoyle Gladiator began the quest for
                  | the Orb.
     0 | D:1      | Reached XP level 1. HP: 12/12 MP: 1/1
   193 | D:1      | Reached XP level 2. HP: 13/18 MP: 2/2
   532 | D:1      | Reached XP level 3. HP: 17/22 MP: 3/3
  1023 | D:1      | Reached skill level 1 in Armour
  1381 | D:2      | Found Feaq's Armour Shop.
  1386 | D:2      | Noticed Robin
  1408 | D:2      | Killed Robin
  1409 | D:2      | Reached XP level 4. HP: 22/27 MP: 4/4
  2102 | D:2      | Found Dacesant's Distillery.
  2181 | D:2      | Found Naokk's Weapon Shoppe.
  2387 | D:3      | Reached skill level 4 in Staves
  2420 | D:3      | Noticed a water moccasin
  2427 | D:3      | Killed a water moccasin
  2428 | D:3      | Reached XP level 5. HP: 16/32 MP: 5/5
  2746 | D:3      | Found a transporter.
  2748 | D:3      | Noticed Mischief's ghost (amateur MfGl)
  2815 | D:3      | Found a hide-covered altar of Uskayaw.
  2845 | D:3      | Found a transporter.
  2870 | D:3      | Noticed a phantom
  3013 | D:3      | Reached skill level 5 in Staves
  3177 | D:3      | Reached XP level 6. HP: 34/37 MP: 6/6
  3195 | D:3      | Killed Mischief's ghost
  3196 | D:3      | Reached skill level 6 in Staves
  3196 | D:3      | Reached XP level 7. HP: 35/41 MP: 7/7
  3435 | D:4      | Slain by a killer bee

Illustrated notes

Levels and vault maps discovered:
D:1:      evilmike_arrival_hilbert_curve, layout_basic, serial_rivers,
          chequers_serial_rivers_micro_c, chequers_serial_rivers_small_3,
          chequers_serial_rivers_micro_d, chequers_serial_rivers_small_b,
          minmay_split_cup_large
D:2:      layout_loops_corners, serial_shops, nicolae_shop_bloodbath_and_beyond,
          shop_coins, shop, uniq_robin
D:3:      layout_loops_ring, lemuel_tele_altar, gammafunk_ghost_mausoleum
D:4:      layout_loops_ring, kennysheep_vampire_church, temple_hall,
          gammafunk_ghost_grave, minmay_bisected

Skill      XL: |  1  2  3  4  5  6 |
---------------+-------------------+-----
Armour         | 1 2 |  2.6
Fighting       | 3 |  3.6
Staves         | 4 5 6 |  6.9
Dodging        | 3 |  3.1
Throwing       | |  1.7
Stealth        | |  0.5

Action                     |  1- 3 |  4- 6 |  7- 9 || total
---------------------------+-------+-------+-------++-------
  Melee: Quarterstaff      |   118 |    94 |    48 ||   260
  Throw: Throwing net      |     1 |       |     3 ||     4
    Use: Scroll            |     6 |     5 |     3 ||    14
         Potion            |     1 |     1 |     1 ||     3
 Armour: Leather armour    |    53 |    29 |       ||    82
         Chain mail        |       |    21 |     2 ||    23
         Plate armour      |       |       |    34 ||    34
  Dodge: Dodged            |    77 |    64 |    19 ||   160
